 Dungeon Crawl Stone Soup version 0.22.1-2-g9c5b331383 (webtiles) character file.

381 Marnok the Shield-Bearer (level 7, -9/53 HPs)
             Began as a Human Fighter on Nov 22, 2018.
             Mangled by an ogre
             ... wielding a cursed +0 giant club
              (16 damage)
             ... on level 4 of the Dungeon.
             The game lasted 00:21:02 (2354 turns).

Marnok the Shield-Bearer (Human Fighter)            Turns: 2354, Time: 00:21:02

Health: -9/53      AC:  9    Str: 21    XL:     7   Next: 5%
Magic:  0/7        EV:  6    Int:  8    God:
Gold:   176        SH: 10    Dex: 12    Spells: 6/6 levels left

rFire    + . .     SeeInvis +   a - +0 long sword
rCold    . . .     Gourm    .   c - +0 shield
rNeg     . . .     Faith    .   x - +0 chain mail
rPois    .         Spirit   +   (no helmet)
rElec    .         Reflect  .   (no cloak)
rCorr    .         Harm     .   (no gloves)
MR       .....                  (no boots)
Stlth    ..........             l - amulet of guardian spirit
HPRegen  0.17/turn              (no ring)
MPRegen  0.10/turn              (no ring)

@: very slightly contaminated
A: see invisible, fire resistance 1, mutation resistance 1, strong 1
a: no special abilities


You were on level 4 of the Dungeon.
You were not hungry.

You visited 1 branch of the dungeon, and saw 6 of its levels.

You collected 176 gold pieces.

Inventory:

Hand Weapons
 a - a +0 long sword (weapon)
 b - a +2 hand axe of freezing
 k - a +0 halberd of holy wrath
 m - a +0 hunting sling
 u - a +0 hunting sling
Missiles
 d - 23 sling bullets
 e - 126 stones (quivered)
 g - 46 arrows
 h - 20 bolts
 o - 13 poisoned needles
 r - 2 throwing nets
Armour
 c - a +0 shield (worn)
 x - a +0 chain mail (worn)
Jewellery
 l - an amulet of guardian spirit (around neck)
 n - an uncursed amulet of harm {unknown}
Scrolls
 i - 2 scrolls of remove curse
 j - 4 scrolls of identify
 p - a scroll of random uselessness {unknown}
 s - a scroll of magic mapping
Comestibles
 f - a ration


   Skills:
 + Level 3.8 Fighting
 + Level 4.5 Long Blades
 + Level 3.9 Armour
 + Level 0.6 Dodging
 + Level 4.7 Shields


You had 6 spell levels left.
You didn't know any spells.
Your spell library was empty.

Dungeon Overview and Level Annotations

Branches:
Dungeon (6/15)
 Temple: D:4-7

Altars:

Annotations:
D:6 Pikel


Innate Abilities, Weirdness & Mutations

You have supernaturally acute eyesight. (SInv)
Your flesh is heat resistant. (rF+)
You are somewhat resistant to further mutation.
Your muscles are strong. (Str +2)


Message History

The ogre hits you with a giant club.
Okay, then.
Found a potion of brilliance.
You see here a potion of brilliance.
An iguana comes into view.
Found a scroll labeled SUSMEI BAASCH.
You see here a scroll labeled SUSMEI BAASCH.
p - a scroll labeled SUSMEI BAASCH The ogre hits you with a giant club.
You slash the ogre!
The ogre is severely wounded.
You block the ogre's attack.
Your shield and chain mail prevent you from hitting the ogre.
The ogre is severely wounded.
The ogre hits you with a giant club!
* * * LOW HITPOINT WARNING * * *
You hit the ogre.
The ogre is severely wounded.
The ogre hits you with a giant club!!
You die...

#..####.#######..#
...# #.# #..# ..##
#.# #..# ### #.#
#..# #.# #..# #.#
#..# # ..
######..# ##
.......O# .#
#######@# ...( #.#
.### #.# ## #.# #
#.# #.# ..# ###


You could see an ogre.

Vanquished Creatures
  An ogre (D:4)
  A bullfrog (D:5)
  A scorpion (D:4)
  A crimson imp (D:5)
  A worker ant (D:4)
  A hound zombie (D:4)
  A gnoll (D:1)
  5 adders
  4 worms (D:2)
  An orc (D:4)
  A ball python (D:3)
  12 bats
  4 giant cockroaches
  5 goblins
  3 hobgoblins
  2 frilled lizards
  7 kobolds
  7 rats
58 creatures vanquished.

Notes
Turn   | Place    | Note
-------+----------+-------------------------------------------
     0 | D:1      | Marnok the Human Fighter began the quest for the Orb.
     0 | D:1      | Reached XP level 1. HP: 18/18 MP: 1/1
   188 | D:1      | Reached XP level 2. HP: 24/24 MP: 2/2
   598 | D:1      | Gained mutation: Your muscles are strong. (Str +2) [potion
                  | of mutation]
   598 | D:1      | Gained mutation: Your flesh is heat resistant. (rF+)
                  | [potion of mutation]
   598 | D:1      | Gained mutation: You have supernaturally acute eyesight.
                  | (SInv) [potion of mutation]
   598 | D:1      | Gained mutation: You are somewhat resistant to further
                  | mutation. [potion of mutation]
   602 | D:1      | Reached XP level 3. HP: 3/29 MP: 3/3
  1193 | D:2      | Reached XP level 4. HP: 35/35 MP: 4/4
  1585 | D:2      | Reached XP level 5. HP: 41/41 MP: 5/5
  1755 | D:3      | You fall through a shaft for 3 floors!
  1821 | D:6      | Noticed a bullfrog
  1822 | D:6      | Noticed a slave
  1825 | D:6      | Noticed a slave
  1825 | D:6      | Noticed a slave
  1826 | D:6      | Noticed Pikel
  1826 | D:6      | Noticed a phantom
  1826 | D:6      | Noticed a slave
  1831 | D:5      | Entered Level 5 of the Dungeon
  1845 | D:5      | Killed a bullfrog
  1866 | D:5      | Reached XP level 6. HP: 38/47 MP: 6/6
  2022 | D:4      | Noticed an ogre
  2078 | D:4      | Killed an ogre
  2078 | D:4      | Reached XP level 7. HP: 17/53 MP: 3/7
  2354 | D:4      | Mangled by an ogre

Skill      XL: |  1  2  3  4  5  6 |
---------------+-------------------+-----
Long Blades    | 3 4 |  4.5
Shields        | 4 |  4.7
Fighting       | |  3.8
Armour         | |  3.9
Dodging        | |  0.6

Action                   |  1- 3 |  4- 6 |  7- 9 || total
-------------------------+-------+-------+-------++-------
Melee: Long sword        |   103 |   135 |    12 ||   250
  Use: Potion            |     2 |     4 |       ||     6
       Scroll            |     3 |     4 |     1 ||     8
  Eat: Chunk             |     1 |     3 |       ||     4
       Ration            |       |       |     1 ||     1
Armor: Scale mail        |    44 |    19 |       ||    63
       Chain mail        |       |    34 |     1 ||    35
Dodge: Dodged            |    30 |    26 |     2 ||    58
Block: Shield            |    68 |    67 |     4 ||   139
       Rpst.: Long sword |    12 |    10 |       ||    22
